 Dungeon Crawl Stone Soup version 0.30-b1-2-g02819fbbbe (webtiles) character file.

Game seed: 15005334107709661432

2380 Lolow the Grappler (level 9, -2/72 HPs)
             Began as a Ghoul Monk on June 3, 2023.
             Was a Priest of Qazlal.
             Slain by a wight
             ... wielding a +3 halberd
              (10 damage)
             ... on level 8 of the Dungeon.
             The game lasted 00:35:46 (7243 turns).

Lolow the Grappler (Ghoul Monk)                     Turns: 7243, Time: 00:35:47

Health: -2/72      AC:  5    Str: 17    XL:     9   Next: 45%
Magic:  7/15       EV: 12    Int:  7    God:    Qazlal [***...]
Gold:   204        SH:  4    Dex: 11    Spells: 12/17 levels left

rFire   . . .        a - +2 sling
rCold   + . .        c - orb {light}
rNeg    + + +        p - +0 robe
rPois   ∞            r - +0 helmet
rElec   .            B - +0 cloak
rCorr   .            (no gloves)
SInv    .            m - +0 pair of boots
Will    .....        (no amulet)
Stlth   +            (no ring)
HPRegen 0.00/turn    (no ring)
MPRegen 0.14/turn

%: no passive effects
@: inhibited regen, glowing
A: claws 1, cold resistance 1, negative energy resistance 3, inhibited
regeneration, torment resistance 2, devour on kill
a: Renounce Religion, Upheaval, Elemental Force


You were on level 8 of the Dungeon.
You worshipped Qazlal.
Qazlal was most pleased with you.
You visited 1 branch of the dungeon, and saw 8 of its levels.

You collected 204 gold pieces.

Inventory:

Hand Weapons
 a - a +2 sling (weapon)
 n - the +5 glaive of Abomination {antimagic, rC+ Dex+3}
   (You found it on level 4 of the Dungeon)

   Dex:       It affects your dexterity (+3).
   rC:        It protects you from cold.
Armour
 c - an orb of light (worn)
 m - a +0 pair of boots (worn)
 p - a +0 robe (worn)
 r - a +0 helmet (worn)
 B - a +0 cloak (worn)
Jewellery
 t - a ring of ice
Wands
 j - a wand of flame (41)
 w - a wand of mindburst (12)
 z - a wand of charming (11)
Scrolls
 y - a scroll of blinking
 A - a scroll of enchant armour {unknown}
Potions
 b - a potion of ambrosia
 d - a potion of lignification
 e - 2 potions of degeneration
 f - a potion of magic {unknown}
 g - 2 potions of might
 h - 3 potions of curing
 i - 2 potions of attraction
 k - 2 potions of haste
 l - a potion of mutation {unknown}
 o - a potion of heal wounds {unknown}
 q - a potion of resistance {unknown}
 s - 3 potions of flight
 u - a potion of brilliance {unknown}
 v - a potion of cancellation {unknown}
 x - 2 potions of berserk rage


   Skills:
 - Level 4.5 Fighting
 - Level 2.6 Dodging
 * Level 10.9 Unarmed Combat
 + Level 4.8 Spellcasting
 + Level 4.4 Invocations


You had 12 spell levels left.
You knew the following spells:

 Your Spells              Type           Power      Damage    Failure   Level
a - Slow                  Hex            4%         N/A       28%         1
b - Foxfire               Conj/Fire      4%         2x1d4     28%         1
c - Blink                 Tloc           2%         N/A       41%         2
d - Summon Small Mammal   Summ           4%         N/A       28%         1

Your spell library contained the following spells:

 Spells                   Type           Power      Damage    Failure   Level
 Lesser Beckoning         Tloc           2%         N/A       41%         2
 Momentum Strike          Conj/Tloc      2%         3d8       41%         2
 Static Discharge         Conj/Air       2%         2-3/arc   41%         2
 Call Canine Familiar     Summ           1%         N/A       65%         3
 Confusing Touch          Hex            1%         N/A       65%         3
 Gell's Gravitas          Tloc           1%         N/A       65%         3
 Summon Guardian Golem    Hex/Summ       1%         N/A       65%         3
 Teleport Other           Tloc           1%         N/A       65%         3
 Vampiric Draining        Necr           1%         2d6       65%         3
 Airstrike                Air            0%         2d(1-17)  96%         4
 Summon Lightning Spire   Summ/Air       1%         N/A       96%         4
 Fireball                 Conj/Fire      0%         3d3       100%        5
 Dispersal                Tloc           0%         N/A       100%        6
 Plasma Beam              Fire/Air       0%         2x1d11    100%        6
 Starburst                Conj/Fire      0%         6d3       100%        6


Dungeon Overview and Level Annotations

Branches:
Dungeon (9/15)
 Temple: D:4-7         Lair: D:8-11         Orc: D:9-12

Altars:
Qazlal
Ru
Xom

Shops:
D:2 [   D:4 ((


Innate Abilities, Weirdness & Mutations

You are immune to poison.
You have sharp fingernails.
Your flesh is cold resistant. (rC+)
You are immune to negative energy. (rN+++)
You do not regenerate when monsters are visible.
You are immune to unholy pain and torment.
You thrive by killing the living.


Message History

You shoot a sling bullet. The sling bullet hits the wight!
The wight is heavily damaged.
The wight is engulfed in freezing vapours.
You block the wight's attack.
A wight comes into view. It is wielding a +3 halberd.
The wight is engulfed in freezing vapours.
The wight hits you with a +3 falchion.
You shoot a sling bullet.
The sling bullet hits the wight but does no damage.
The wight is severely damaged.
The wight is engulfed in freezing vapours.
The wight hits you with a +3 falchion.
You shoot a sling bullet.
The sling bullet barely misses the wight.
The sling bullet hits the wight.
The wight is lightly damaged.
The wight hits you from afar with a +3 halberd! x2
The wight hits you with a +3 falchion.
You shoot a sling bullet. The sling bullet hits the wight.
The wight is almost destroyed.
The wight hits you from afar with a +3 halberd!
* * * LOW HITPOINT WARNING * * *
The wight hits you with a +3 falchion.
* * * LOW HITPOINT WARNING * * *
You feel better.
The wight hits you from afar with a +3 halberd!
* * * LOW HITPOINT WARNING * * *
The wight closely misses you.
Okay, then.
Aiming: Upheaval
Press: ? - help, Dir - move target, p - wight Magma suddenly erupts from the ground!
The wight barely misses you. The wight closely misses you.
Activating: Elemental Force (16% risk of failure)
Press: ? - help, Dir - look around, f - activate Clouds arounds you coalesce and take form!
The storm surrounding you is now too weak to repel missiles.
You will no longer adapt resistances upon receiving elemental damage.
The wight hits you from afar with a +3 halberd!
You die...

.# #...# ..#
##...# #..##
#..)##
##...#####...#
#............#
#........≈...###
.......°°z.......
.......z○######...
......E@.# ##
......○E##
........#
....(..## ......#
.....# ....# #..#


You could see 2 wights, a friendly earth elemental (summoned) and a friendly air
elemental (summoned).

Vanquished Creatures
  Sigmund (D:4)
  A wyvern (D:6)
  Eustachio (D:6)
  A water moccasin (D:8)
  Duvessa (D:5)
  A black bear (D:5)
  An ice beast (D:5)
  2 ogres (D:4)
  4 phantoms
  4 scorpions
  Dowan (D:5)
  3 killer bees (D:4)
  A howler monkey (D:5)
  A centaur zombie (D:4)
  A hound (D:4)
  An orc priest (D:4)
  2 jellies
  Jessica (D:2)
  2 iguanas
  6 orc wizards
  A hound zombie (D:4)
  11 adders
  A white imp (D:6)
  An adder zombie (D:4)
  3 worms
  7 dart slugs
  13 orcs
  7 bats
  6 endoplasms
  4 giant cockroaches
  11 goblins
  5 hobgoblins
  16 jackals
  4 quokkas
  7 ball pythons
  4 frilled lizards
  5 kobolds
  2 rats
  A foxfire (D:4)
145 creatures vanquished.

Vanquished Creatures (others)
  10 foxfires
10 creatures vanquished.

Grand Total: 155 creatures vanquished

Notes
Turn   | Place    | Note
-------+----------+-------------------------------------------
     0 | D:1      | Lolow the Ghoul Monk began the quest for the Orb.
     0 | D:1      | Reached XP level 1. HP: 19/19 MP: 0/0
    78 | D:1      | Reached XP level 2. HP: 25/26 MP: 1/1
   224 | D:1      | Reached skill level 4 in Unarmed Combat
   400 | D:1      | Reached XP level 3. HP: 30/33 MP: 2/2
   417 | D:1      | Learned a level 1 spell: Slow
   719 | D:2      | Found a faded altar of an unknown god.
   765 | D:2      | Prayed at the altar of an unknown god.
   765 | D:2      | Became a worshipper of Qazlal Stormbringer
   765 | D:2      | Reached * piety under Qazlal
   765 | D:2      | Reached ** piety under Qazlal
   889 | D:2      | Reached *** piety under Qazlal
   890 | D:2      | Reached XP level 4. HP: 39/40 MP: 3/3
  1053 | D:2      | Reached skill level 5 in Unarmed Combat
  1196 | D:2      | Found Eras's Armour Shop.
  1423 | D:2      | Noticed Jessica
  1430 | D:2      | Killed Jessica
  1431 | D:2      | Reached XP level 5. HP: 34/47 MP: 4/4
  1694 | D:2      | Learned a level 1 spell: Foxfire
  2074 | D:3      | Found a sacrificial altar of Ru.
  2369 | D:3      | Found a shimmering altar of Xom.
  2846 | D:4      | Noticed Sigmund
  2956 | D:4      | Reached skill level 6 in Unarmed Combat
  2985 | D:4      | Found Neosula's Weapon Emporium.
  3016 | D:4      | Noticed a phantom
  3030 | D:4      | Killed a phantom
  3030 | D:4      | Reached **** piety under Qazlal
  3031 | D:4      | Reached skill level 1 in Spellcasting
  3031 | D:4      | Reached XP level 6. HP: 49/53 MP: 5/7
  3224 | D:4      | Identified the +5 glaive of Abomination {antimagic, rC+
                  | Dex+3}
  3375 | D:4      | Reached skill level 7 in Unarmed Combat
  3385 | D:4      | Reached XP level 7. HP: 51/60 MP: 7/9
  3752 | D:4      | Killed Sigmund
  3753 | D:4      | Reached skill level 8 in Unarmed Combat
  4292 | D:4      | Found Goaliaxunte's Antique Weapon Shop.
  4346 | D:4      | Reached XP level 8. HP: 67/67 MP: 11/11
  4896 | D:4      | Learned a level 2 spell: Blink
  4908 | D:4      | Reached skill level 9 in Unarmed Combat
  4908 | D:4      | Reached skill level 1 in Invocations
  5050 | D:5      | Entered Level 5 of the Dungeon
  5267 | D:5      | Noticed Duvessa
  5269 | D:5      | Noticed Dowan
  5272 | D:5      | Killed Duvessa
  5286 | D:5      | Killed Dowan
  5639 | D:5      | Found a stormy altar of Qazlal.
  5733 | D:5      | Reached skill level 10 in Unarmed Combat
  5756 | D:5      | Reached XP level 9. HP: 58/72 MP: 14/14
  5858 | D:5      | Learned a level 1 spell: Summon Small Mammal
  6667 | D:6      | Noticed Eustachio
  6703 | D:6      | Killed Eustachio
  6967 | D:6      | You fall into a shaft and drop 3 floors!
  7243 | D:8      | Slain by a wight

Illustrated notes

Levels and vault maps discovered:
D:1:      dpeg_arrival_arbitrary_c, layout_basic, minmay_misc_feat_five
D:2:      layout_loops_ring, serial_shops, shop,
          chequers_ecumenical_altar_island, minmay_misc_feat_alley,
          nicolae_elevator_lobby_plus, uniq_jessica
D:3:      layout_loops_cross, mainiacjoe_overflow_cross_hatched,
          mainiacjoe_overflow_brackets, st_stairs_8, hangedman_decor_riveting,
          minmay_misc_feat_x
D:4:      minmay_bubble_buster, layout_loops_corners, serial_shops,
          nicolae_lakefront_shop, shop, portal_sewer_entry_d, serial_undead,
          serial_undead_e, serial_undead_c, serial_undead_b, serial_undead_a,
          uniq_sigmund
D:5:      layout_loops_ring, marbit_many_paths, serial_glass, glass_columns_a,
          glass_columns_b, minmay_a_box_with_orc_wizards_in_it, uniq_duvessa
D:6:      layout_rooms, minmay_misc_feat_diagonals, uniq_eustachio
D:8:      layout_cave_pods, general_overflow_altar, enter_bailey_4,
          uniq_prince_ribbit1
D:9:      layout_basic, tso_oasis_becter, makhleb_altar_promises_db,
          chequers_mini_garden, nicolae_nh_ransacked_shop

Skill      XL: |  1  2  3  4  5  6  7  8  9 |
---------------+----------------------------+-----
Unarmed Combat | 4 5 6 7 8 10 | 10.9
Fighting       | 4 |  4.5
Spellcasting   | 1 2 3 4 |  4.8
Invocations    | 3 4 |  4.4
Dodging        | |  2.6

Action                     |  1- 3 |  4- 6 |  7- 9 || total
---------------------------+-------+-------+-------++-------
  Melee: Unarmed           |    87 |   114 |   196 ||   397
   Fire: Sling             |       |    26 |    54 ||    80
   Cast: Foxfire           |       |     7 |       ||     7
         Summon Small Mamm |       |       |     1 ||     1
 Invoke: Upheaval          |       |       |     3 ||     3
         Elemental Force   |       |       |     1 ||     1
    Use: Scroll            |       |     9 |    12 ||    21
         Potion            |       |       |     2 ||     2
 Armour: Robe              |    17 |    19 |    30 ||    66
  Dodge: Dodged            |    48 |    59 |    81 ||   188
         Repelled          |       |       |     2 ||     2
  Block: Orb               |       |    27 |    28 ||    55
